 Dungeon Crawl Stone Soup version 0.29-a0-214-g17f627cfee (webtiles) character file.

Game seed: 1826230950031772676

5809 arthad the Quickloader (level 11, 0/61 (68) HPs)
             Began as a Kobold Hunter on Feb 25, 2022.
             Was an Initiate of Gozag.
             Slain by a hornet (12 damage)
             ... while paralysed by a hornet
             ... on level 9 of the Dungeon.
             The game lasted 00:29:46 (12369 turns).

arthad the Quickloader (Kobold Hunter)             Turns: 12369, Time: 00:29:46

HP:   0/61 (68)     AC:  7    Str:  8 (9)  XL:     11   Next: 7%
MP:   17/17         EV:  3    Int: 14 (16) God:    Gozag
Gold: 930           SH:  0    Dex: 20      Spells: 7/18 levels left

rFire   . . .      SeeInvis .   a - +1 hand crossbow (freeze)
rCold   + . .      Faith    .   t - +3 buckler
rNeg    + . .      Spirit   .   z - +2 ring mail {rN+}
rPois   .          Reflect  +   (no helmet)
rElec   .          Harm     .   (no cloak)
rCorr   .          Rampage  .   (no gloves)
Will    .....                   (no boots)
Stlth   ++++......              w - amulet of reflection
HPRegen 0.20/turn               p - ring "Ycwep" {Wiz rC+ Int+3}
MPRegen 0.15/turn               (no ring)

@: paralysed, lethally poisoned (0 -> -11), studying Crossbows, heavily drained
A: small, no large weapons, nightstalker 3
a: Renounce Religion, Potion Petition, Call Merchant, Bribe Branch


You were on level 9 of the Dungeon.
You worshipped Gozag.
Gozag was pleased with you.
You visited 1 branch of the dungeon, and saw 9 of its levels.

You collected 1402 gold pieces.
You spent 416 gold pieces at shops.
You paid 56 gold pieces to Gozag.

Inventory:

Hand Weapons
 a - a +1 hand crossbow of freezing (weapon)
 q - a +0 war axe of venom
 A - a +2 dagger of draining
 E - a +0 antimagic hand axe
 F - a +2 whip of electrocution
Armour
 b - a +0 leather armour
 t - a +3 buckler (worn)
 z - a +2 ring mail of positive energy (worn)
 B - an orb of mayhem
Jewellery
 d - a ring of ice
 p - the ring "Ycwep" (left hand) {Wiz rC+ Int+3}
   (You acquired it on level 9 of the Dungeon)

   [ring of wizardry]

   It improves your spell success rate.
   Int:       It affects your intelligence (+3).
   rC:        It protects you from cold.
 w - an amulet of reflection (around neck)
 H - an amulet of regeneration
Wands
 v - a wand of iceblast (10)
 y - a wand of charming (3)
 D - a wand of polymorph (6)
Scrolls
 e - 9 scrolls of identify
 g - 4 scrolls of fear
 h - 4 scrolls of immolation
 k - 2 scrolls of teleportation
 l - 2 scrolls of amnesia
 u - a scroll of vulnerability
Potions
 c - a potion of mutation {unknown}
 i - a potion of might
 j - a potion of berserk rage {unknown}
 m - 2 potions of brilliance {unknown}
 n - a potion of invisibility {unknown}
 o - 2 potions of haste {unknown}
 r - 2 potions of flight {unknown}
 s - a potion of ambrosia {unknown}
 x - a potion of attraction {unknown}
 G - a potion of lignification {unknown}


   Skills:
 * Level 8.2 Fighting
 + Level 1.1 Maces & Flails
 * Level 11.6 Crossbows
 + Level 0.2 Armour
 + Level 6.9 Dodging
 - Level 7.8 Stealth
 * Level 5.4 Shields
 + Level 4.3 Spellcasting
 + Level 4.4 Translocations


You had 7 spell levels left.
You knew the following spells:

 Your Spells              Type           Power      Damage    Failure   Level
a - Teleport Other        Tloc           15%        N/A       16%         3
b - Gell's Gravitas       Tloc           15%        N/A       16%         3
c - Blink                 Tloc           30%        N/A       9%          2
d - Lesser Beckoning      Tloc           15%        N/A       16%         3

Your spell library contained the following spells:

 Spells                   Type           Power      Damage    Failure   Level
 Slow                     Hex            12%        N/A       32%         1
 Static Discharge         Conj/Air       3%         N/A       43%         2
 Confusing Touch          Hex            3%         N/A       65%         3
 Vampiric Draining        Necr           3%         2d6       65%         3
 Manifold Assault         Tloc           15%        N/A       80%         5
 Lightning Bolt           Conj/Air       1%         1d12      100%        5
 Dispersal                Tloc           7%         N/A       100%        6
 Maxwell's Capacitive Co  Air            1%         ∞         100%        8


Dungeon Overview and Level Annotations

Branches:
Dungeon (9/15)             Temple (0/1) D:7
   Lair: D:8-11         Orc: D:9-12

Altars:
Cheibriados
Dithmenos
Elyvilon
Fedhas
Gozag
Nemelex Xobeh
Qazlal
Trog
Yredelemnul
The Shining One

Shops:
D:8 :


Innate Abilities, Weirdness & Mutations

You are small and have problems with some larger weapons.
You are completely attuned to the shadows.


Message History

You shoot a bolt.
The bolt hits the hornet but does no damage.
The hornet is lightly wounded.
The hornet misses you. The hornet closely misses you.
You shoot a bolt. The bolt barely misses the hornet.
The bolt hits the yak!
The bolt freezes the yak.
The yak is moderately wounded.
The hornet misses you. You block the hornet's attack.
You shoot a bolt. The bolt closely misses the hornet.
The bolt closely misses the yak.
The hornet closely misses you.
You shoot a bolt. The bolt hits the hornet.
The bolt freezes the hornet.
The hornet is lightly wounded.
The hornet stings you but does no damage.
You block the hornet's attack.
You shoot a bolt. The bolt closely misses the hornet.
The bolt hits the yak!
The bolt freezes the yak.
The yak is severely wounded.
You block the hornet's attack. The hornet stings you.
You are poisoned.
You feel yourself slow down.
You shoot a bolt. The bolt hits the hornet.
The bolt freezes the hornet.
The hornet is moderately wounded.
You feel yourself speed up.
You feel very sick. The hornet stings you!
You are more poisoned.
You feel yourself slow down. The hornet misses you. The hornet stings you!
You suddenly lose the ability to move!
You feel yourself speed up.
* * * LOW HITPOINT WARNING * * *
You feel very sick. The hornet stings you.
* * * LOW HITPOINT WARNING * * *
You feel yourself slow down.
You feel yourself speed up.
* * * LOW HITPOINT WARNING * * *
You feel very sick. The hornet stings you!
You die...
Your body crumbles into a pile of gold.

....
#####.....
..........
.....y....
..........
#########'###
....@yY....#
#########..#
#..# #..# ..#
$


You could see a yak and a hornet.

Vanquished Creatures
  Pikel (D:7)
  A deep elf pyromancer (D:9)
  Joseph (D:8)
  A hornet (D:7)
  Grinder (D:6)
  A wraith (D:7)
  A wyvern (D:7)
  A steam dragon (D:8)
  Menkaure (D:5)
  2 water moccasins
  An orc warrior (D:9)
  3 ice beasts
  2 sky beasts (D:6)
  2 black bears
  A wolf (D:8)
  3 centaurs
  3 lemures (D:7)
  A bullfrog (D:6)
  2 scorpions (D:4)
  A wyvern skeleton (D:6)
  5 wights
  11 killer bees
  A howler monkey (D:8)
  2 centaur zombies
  2 jellies
  2 hounds
  2 gnoll shamans
  7 orc priests
  A centaur skeleton (D:7)
  3 iguanas
  Jessica (D:2)
  7 orc wizards
  A howler monkey zombie (D:7)
  7 gnolls
  9 adders
  An ufetubus (D:5)
  A worm (D:4)
  2 dart slugs
  30 orcs
  6 bats
  2 endoplasms
  3 giant cockroaches
  9 goblins
  9 hobgoblins
  2 quokkas
  7 ball pythons
  9 frilled lizards
  5 kobolds
  8 rats
185 creatures vanquished.

Vanquished Creatures (collateral kills)
  A steam dragon (D:8)
  Grum (D:8)
  A wolf (D:8)
  2 howler monkeys (D:8)
5 creatures vanquished.

Vanquished Creatures (others)
  A gnoll (D:6)
  13 plants
14 creatures vanquished.

Grand Total: 204 creatures vanquished

Notes
Turn   | Place    | Note
-------+----------+-------------------------------------------
     0 | D:1      | arthad the Kobold Hunter began the quest for the Orb.
     0 | D:1      | Reached XP level 1. HP: 12/12 MP: 1/1
    84 | D:1      | Reached XP level 2. HP: 18/18 MP: 2/2
   428 | D:1      | Reached XP level 3. HP: 22/22 MP: 3/3
   618 | D:1      | Found a faded altar of an unknown god.
   818 | D:2      | Noticed Jessica
   821 | D:2      | Killed Jessica
   822 | D:2      | Reached XP level 4. HP: 27/27 MP: 4/4
  1639 | D:2      | Reached skill level 6 in Crossbows
  2118 | D:3      | Found a basalt altar of Yredelemnul.
  2123 | D:3      | Found a bloodstained altar of Trog.
  2125 | D:3      | Found an opulent altar of Gozag.
  2126 | D:3      | Found a blossoming altar of Fedhas.
  2131 | D:3      | Found a white marble altar of Elyvilon.
  2147 | D:3      | Became a worshipper of Gozag Ym Sagoz the Greedy
  2490 | D:3      | Reached XP level 5. HP: 32/32 MP: 5/5
  2827 | D:3      | Found a snail-covered altar of Cheibriados.
  3264 | D:4      | Found a sparkling altar of Nemelex Xobeh.
  3287 | D:4      | Reached XP level 6. HP: 16/38 MP: 6/6
  3556 | D:4      | Learned a level 3 spell: Teleport Other
  3718 | D:4      | Found a glowing golden altar of the Shining One.
  3743 | D:4      | Found a stormy altar of Qazlal.
  4019 | D:4      | Reached skill level 1 in Shields
  4019 | D:4      | Reached XP level 7. HP: 43/43 MP: 6/8
  4304 | D:5      | Entered Level 5 of the Dungeon
  4394 | D:5      | Reached skill level 7 in Crossbows
  4394 | D:5      | Reached skill level 1 in Spellcasting
  4394 | D:5      | Reached skill level 1 in Translocations
  4912 | D:5      | Noticed Menkaure
  4951 | D:5      | Killed Menkaure
  4952 | D:5      | Reached skill level 5 in Stealth
  4952 | D:5      | Reached XP level 8. HP: 26/48 MP: 10/10
  5567 | D:6      | Reached skill level 5 in Fighting
  5657 | D:6      | Found a shadowy altar of Dithmenos.
  5668 | D:6      | Reached skill level 5 in Dodging
  5734 | D:6      | Reached skill level 8 in Crossbows
  5794 | D:6      | Noticed Grinder
  5802 | D:6      | Paralysed by Grinder for 6 turns
  5816 | D:6      | Killed Grinder
  5817 | D:6      | Reached XP level 9. HP: 14/55 MP: 12/12
  6767 | D:7      | Found a staircase to the Ecumenical Temple.
  6810 | D:7      | Learned a level 3 spell: Gell's Gravitas
  7298 | D:7      | Noticed Pikel
  7308 | D:7      | Killed Pikel
  7309 | D:7      | Reached skill level 9 in Crossbows
  7702 | D:7      | Reached XP level 10. HP: 19/61 MP: 14/14
  7905 | D:7      | You fall into a shaft and drop 2 floors!
  8204 | D:9      | Noticed a deep elf pyromancer
  8233 | D:9      | Killed a deep elf pyromancer
  8521 | D:9      | Identified 2 scrolls of acquirement
  8521 | D:9      | Acquired the ring "Ycwep" {Wiz rC+ Int+3}
  8524 | D:9      | Acquired a manual of Crossbows
  8554 | D:9      | Reached skill level 10 in Crossbows
  8628 | D:8      | Noticed Joseph
  8793 | D:8      | Found Pexibbe's Book Shoppe.
  8799 | D:8      | Bought a book of Spatial Translocations for 416 gold pieces
  8802 | D:8      | Learned a level 2 spell: Blink
  8806 | D:8      | Learned a level 3 spell: Lesser Beckoning
 10002 | D:8      | Killed Joseph
 10003 | D:8      | Reached skill level 5 in Shields
 10814 | D:8      | Reached skill level 11 in Crossbows
 11208 | D:8      | Noticed Grum
 11221 | D:8      | Killed Grum
 11736 | D:8      | Reached skill level 1 in Maces & Flails
 11741 | D:8      | Reached XP level 11. HP: 17/62 MP: 17/17
 12318 | D:9      | Found a basalt altar of Yredelemnul.
 12320 | D:9      | Noticed a white ugly thing
 12367 | D:9      | Paralysed by a hornet for 3 turns
 12369 | D:9      | Slain by a hornet

Illustrated notes

Levels and vault maps discovered:
D:1:      lemuel_arrival_broad_hall, layout_basic,
          shapermc_ecumenical_altar_mp_vishouse
D:2:      layout_basic, due_unseen_surprise, uniq_jessica
D:3:      layout_loops_ring, lemuel_tele_altar,
          chequers_temple_overflow_minitemple, chequers_serial_rivers_marsh
D:4:      layout_gridville, tso_oasis_becter, nicolae_qazlal_scattered_showers,
          lemuel_doored_altar
D:5:      layout_loops_cross, minmay_lizard_king, uniq_menkaure
D:6:      layout_basic, nicolae_dithmenos_the_darkroom, uniq_grinder
D:7:      layout_rooms, minmay_temple_entry_glassed_door, uniq_pikel
D:8:      layout_gridville, serial_shops, kennysheep_mini, uniq_grum,
          uniq_joseph
D:9:      corexii_shack_village, layout_basic, minmay_ruined_shrine

Skill      XL: |  1  2  3  4  5  6  7  8  9 10 |
---------------+-------------------------------+-----
Stealth        | 2 3 4 5 6 7 |  7.8
Dodging        | 3 4 5 6 |  6.9
Fighting       | 3 4 5 6 8 |  8.2
Crossbows      | 6 7 8 9 11 | 11.6
Shields        | 1 2 3 4 5 |  5.4
Spellcasting   | 1 2 3 4 |  4.3
Translocations | 1 2 3 4 |  4.4
Maces & Flails | 1 |  1.1
Armour         | |  0.2

Action                   |  1- 3 |  4- 6 |  7- 9 | 10-12 || total
-------------------------+-------+-------+-------+-------++-------
Melee: Whip              |       |       |       |    19 ||    19
       Hand crossbow     |       |       |       |     8 ||     8
 Fire: Hand crossbow     |    57 |   137 |   272 |   317 ||   783
 Cast: Blink             |       |       |       |     4 ||     4
       Teleport Other    |       |       |       |     1 ||     1
       Gell's Gravitas   |       |       |       |     1 ||     1
Evoke: Wand              |       |       |     2 |     4 ||     6
  Use: Potion            |       |     1 |     1 |     6 ||     8
       Scroll            |       |     1 |       |    11 ||    12
 Stab: Sleeping          |       |       |       |     1 ||     1
Armor: Leather armour    |     2 |     8 |    11 |    23 ||    44
       Ring mail         |       |       |       |     4 ||     4
Dodge: Dodged            |    14 |    43 |    97 |   113 ||   267
Block: Buckler           |       |    26 |   128 |   208 ||   362
       Reflection        |       |       |     1 |     4 ||     5

Table legend: (Time is in decaauts)
 A = Elapsed time spent in this place.
 B = Non-inter-level travel time spent in this place.
 C = Inter-level travel time spent in this place.
 D = Time resting spent in this place.
 E = Time spent auto-exploring this place.
 F = Levels seen in this place.
 G = Mean time per level.
                   A        B        C        D        E       F      G
               +--------+--------+--------+--------+--------+-----+--------+
         Total |  12550 |  12245 |    305 |   3473 |   6932 |   9 | 1394.4 |
       Dungeon |  12550 |  12245 |    305 |   3473 |   6932 |   9 | 1394.4 |
               +--------+--------+--------+--------+--------+-----+--------+

Top non-repeatable levels by time:
     D:8: 2410 daAuts
     D:7: 2132 daAuts
     D:6: 1352 daAuts
     D:3: 1205 daAuts
     D:2: 1194 daAuts
     D:9: 1166 daAuts
     D:4: 1152 daAuts
     D:5: 1120 daAuts
     D:1: 815 daAuts
